 Dungeon Crawl Stone Soup version 0.23.1-42-g8abd8fc (webtiles) character file.

Game seed: 12320605641679682476

539 Borgoz the Cutter (level 7, -2/41 HPs)
             Began as a Gargoyle Gladiator on Mar 30, 2019.
             Slain by Crazy Yiuf
             ... wielding a +3 quarterstaff of chaos
              (4 damage)
             ... on level 3 of the Dungeon.
             The game lasted 00:03:54 (2932 turns).

Borgoz the Cutter (Gargoyle Gladiator)              Turns: 2932, Time: 00:03:54

Health: -2/41      AC:  9    Str: 16 (18) XL:     7   Next: 26%
Magic:  1/7        EV: 13    Int:  7 (8)  God:
Gold:   129        SH:  0    Dex: 12 (13) Spells: 6/6 levels left

rFire    + . .     SeeInvis +   a - +0 rapier
rCold    + . .     Gourm    .   (no shield)
rNeg     + . .     Faith    .   b - +0 leather armour
rPois    ∞         Spirit   .   c - +0 helmet
rElec    +         Reflect  .   (no cloak)
rCorr    +         Harm     .   (no gloves)
MR       .....                  (no boots)
Stlth    ++........             g - amulet of regeneration
HPRegen  0.53/turn              o - ring of see invisible
MPRegen  0.10/turn              (no ring)

@: resistant, slowed, invisible, very slow
A: negative energy resistance 1, electricity resistance, unbreathing,
petrification resistance, rot immunity, AC +4
a: no special abilities


You were on level 3 of the Dungeon.
You were hungry.

You visited 1 branch of the dungeon, and saw 3 of its levels.

You collected 129 gold pieces.

Inventory:

Hand Weapons
 a - a +0 rapier (weapon)
Armour
 b - a +0 leather armour (worn)
 c - a +0 helmet (worn)
Jewellery
 g - an amulet of regeneration (around neck)
 m - an uncursed amulet of magic regeneration {unknown}
 o - a ring of see invisible (left hand)
 r - a cursed ring of teleportation {unknown}
 t - an uncursed ring of resist corrosion {unknown}
Scrolls
 h - 5 scrolls of identify {unknown}
 i - 2 scrolls of teleportation {unknown}
 j - 4 scrolls of remove curse {unknown}
 k - a scroll of blinking {unknown}
 p - a scroll of enchant armour {unknown}
 s - a scroll of amnesia {unknown}
 u - a scroll of fog {unknown}
Potions
 e - 4 potions of might
 l - a potion of resistance
 n - a potion of degeneration
Comestibles
 f - 7 rations


   Skills:
 + Level 3.4 Fighting
 * Level 4.4 Short Blades
 - Level 1.7 Throwing
 * Level 3.7 Armour
 * Level 3.9 Dodging
 + Level 2.8 Stealth


You had 6 spell levels left.
You didn't know any spells.
Your spell library was empty.

Dungeon Overview and Level Annotations

Branches:
Dungeon (3/15)

Altars:
Ru

Annotations:
D:3 Crazy Yiuf


Innate Abilities, Weirdness & Mutations

You are resistant to torment.
Your stone body is resilient. (AC +4)
You are immune to poison.
You resist negative energy. (rN+)
You are resistant to electric shocks. (rElec)
You can survive without breathing.
You are immune to petrification.
You are immune to rotting.


Message History

Firing (i - inventory) No suitable missiles.
Press: ? - help, Shift-Dir - straight line, f - Crazy Yiuf
Aim: Crazy Yiuf, wielding a +3 quarterstaff of chaos and wearing a +0 cloak of invisibility
Okay, then.
It was a potion of resistance.
You feel protected.
Crazy Yiuf laughs, "Earwax!
Orb infinity arm."
Crazy Yiuf misses you.
It was a potion of degeneration.
There was something very wrong with that liquid.
You feel weakened.
You feel dopey.
You feel clumsy.
Crazy Yiuf hits you with a +3 quarterstaff of chaos.
* * * LOW HITPOINT WARNING * * *
Crazy Yiuf closely misses you.
It was a potion of invisibility.
You fade into invisibility!
Crazy Yiuf hits you with a +3 quarterstaff of chaos.
* * * LOW HITPOINT WARNING * * *
Space bends around you.
You die...

####### ##### #.....#
### #..)# #####.# #..
#...# #.# #.# ... #.#
#.# #g# #####.####..
♣♣@♣ #..##.......
♣.♣♣ ##.#######..
♣♣.♣ #.# #.# ♣.♣♣ #.#
#.# ♣♣.♣♣ #.# ##.#
♣...♣♣ ##.######..#
♣....♣ #......##..#
#....# #...##.##.##
##....#####..##.##.##


You could see Crazy Yiuf.

Vanquished Creatures
  Grinder (D:3)
  Sigmund (D:3)
  An orc wizard (D:2)
  Jessica (D:3)
  5 adders
  2 worms
  2 dart slugs
  2 leopard geckos (D:1)
  2 giant cockroaches (D:3)
  10 goblins
  6 hobgoblins
  3 jackals
  8 kobolds
  A quokka (D:3)
  2 ball pythons
  8 bats
  2 frilled lizards
  10 rats
67 creatures vanquished.

Notes
Turn   | Place    | Note
-------+----------+-------------------------------------------
     0 | D:1      | Borgoz the Gargoyle Gladiator began the quest for the Orb.
     0 | D:1      | Reached XP level 1. HP: 12/12 MP: 1/1
   261 | D:1      | Reached XP level 2. HP: 13/17 MP: 2/2
   300 | D:1      | Reached skill level 1 in Armour
   692 | D:1      | Reached skill level 3 in Short Blades
   719 | D:1      | Reached XP level 3. HP: 17/22 MP: 3/3
  1569 | D:2      | Reached skill level 1 in Stealth
  1739 | D:2      | Found a sacrificial altar of Ru.
  1755 | D:2      | Reached XP level 4. HP: 27/27 MP: 4/4
  2257 | D:3      | Reached XP level 5. HP: 22/31 MP: 5/5
  2276 | D:3      | Noticed Grinder
  2294 | D:3      | Killed Grinder
  2294 | D:3      | Reached skill level 4 in Short Blades
  2294 | D:3      | Reached XP level 6. HP: 37/37 MP: 6/6
  2380 | D:3      | Noticed Sigmund
  2408 | D:3      | Killed Sigmund
  2408 | D:3      | Reached XP level 7. HP: 25/41 MP: 7/7
  2482 | D:3      | Found a runed translucent door.
  2483 | D:3      | Noticed Crazy Yiuf
  2646 | D:3      | Noticed Jessica
  2650 | D:3      | Killed Jessica
  2932 | D:3      | HP: 2/41 [Crazy Yiuf/+3 quarterstaff of chaos (6)]
  2932 | D:3      | Slain by Crazy Yiuf

Skill      XL: |  1  2  3  4  5 |
---------------+----------------+-----
Armour         | 1 2 3 |  3.7
Short Blades   | 3 4 |  4.4
Stealth        | 1 2 |  2.8
Dodging        | 3 |  3.9
Fighting       | 3 |  3.4
Throwing       | |  1.7

Action                   |  1- 3 |  4- 6 |  7- 9 || total
-------------------------+-------+-------+-------++-------
Melee: Rapier            |   122 |   118 |    35 ||   275
Throw: Throwing net      |       |     5 |       ||     5
  Use: Potion            |       |       |     3 ||     3
 Stab: Sleeping          |     1 |     1 |     1 ||     3
       Paralysed         |       |     1 |       ||     1
       Held in net/web   |       |     5 |       ||     5
  Eat: Chunk             |     3 |     2 |     1 ||     6
Armor: Leather armour    |    55 |    55 |    13 ||   123
Dodge: Dodged            |    82 |    78 |    22 ||   182
